[ AOE2 MATCH · #495754879 ]
UnrankedByzantines vs Berbers
Player's team · WIN
Rival team · LOSS
[ REPLAY ANALYSIS · EXTRACTED FROM THE RECORDED GAME ]
Feudal
12:37
Castle
16:16
Imperial
41:20
| APM avg | 69.8 |
| APM peak | 103 |
| eAPM avg | 40.8 |
| Villagers / military | 217 / 129 |
Focus
⚔️ 55.7% · 🌾 44.3%
Archer ×46 · Skirmisher ×32 · Monk ×21 · Camel Scout ×15 · Mangonel ×8 · Militia ×3
Feudal
8:51
Castle
18:00
Imperial
—
| APM avg | 72.5 |
| APM peak | 105 |
| eAPM avg | 23.2 |
| Villagers / military | 125 / 132 |
Focus
⚔️ 38.0% · 🌾 62.0%
Camel Archer ×85 · Scout Cavalry ×35 · Archer ×4 · Battering Ram ×3 · Knight ×2 · Monk ×1
Match map
Initial resources + every placement click. Lines = walls · curves = elevation contours. ◆ gold · ⬟ stone · ● berries · ✦ relic · ◌ wall gap
Your base· ✓ Closed at 16:16 · 33t walls · no gate
_LY_Yo's base· Open — opponent sealed themselves in
Smoothed initial terrain · ◌ = detected wall gap · hover for details
Inputs per minute
— CNZS_Daniel - - _LY_Yo
Build order — CNZS_Daniel
First 150 of 527 actions detected
| 0:00 | Create | Villager (Male) |
| 0:01 | Create | Villager (Male) |
| 0:02 | Build | House |
| 0:03 | Build | House |
| 0:04 | Create | Villager (Male) |
| 0:04 | Create | Villager (Male) |
| 1:29 | Create | Villager (Male) |
| 1:29 | Create | Villager (Male) |
| 1:59 | Create | Villager (Male) |
| 2:15 | Create | Villager (Male) |
| 2:15 | Create | Villager (Male) |
| 2:18 | Build | Lumber Camp |
| 2:45 | Create | Villager (Male) |
| 2:45 | Create | Villager (Male) |
| 3:10 | Create | Villager (Male) |
| 3:36 | Create | Villager (Male) |
| 3:40 | Create | Villager (Male) |
| 3:58 | Build | House |
| 4:02 | Create | Villager (Male) |
| 4:23 | Create | Villager (Male) |
| 4:38 | Build | Barracks |
| 4:47 | Create | Villager (Male) |
| 4:47 | Create | Villager (Male) |
| 5:10 | Build | House |
| 5:13 | Build | Palisade Wall |
| 5:24 | Build | House |
| 5:40 | Create | Militia |
| 5:40 | Create | Militia |
| 5:43 | Create | Militia |
| 5:46 | Create | Villager (Male) |
| 5:52 | Build | Palisade Wall |
| 5:59 | Create | Villager (Male) |
| 5:59 | Create | Villager (Male) |
| 6:13 | Build | Palisade Wall |
| 6:21 | Build | Palisade Wall |
| 6:23 | Build | Palisade Wall |
| 6:24 | Build | Palisade Wall |
| 6:50 | Create | Villager (Male) |
| 7:00 | Create | Villager (Male) |
| 7:00 | Create | Villager (Male) |
| 7:04 | Create | Villager (Male) |
| 7:04 | Create | Villager (Male) |
| 7:17 | Build | Mill |
| 7:38 | Create | Villager (Male) |
| 7:40 | Build | Farm |
| 7:42 | Build | House |
| 7:44 | Create | Villager (Male) |
| 8:00 | Build | Palisade Wall |
| 8:02 | Build | Palisade Wall |
| 8:07 | Create | Villager (Male) |
| 8:07 | Create | Villager (Male) |
| 8:17 | Create | Villager (Male) |
| 8:17 | Create | Villager (Male) |
| 8:18 | Build | Farm |
| 8:45 | Build | Mining Camp |
| 9:12 | Build | Farm |
| 9:31 | Build | Farm |
| 10:08 | Build | Farm |
| 10:12 | Build | Farm |
| 10:27 | Research | Feudal Age |
| 11:28 | Build | Farm |
| 11:34 | Create | Villager (Male) |
| 11:35 | Research | Loom |
| 11:36 | Build | Farm |
| 11:40 | Build | Farm |
| 12:37 | Age | Feudal Age |
| 12:46 | Build | Stable |
| 12:53 | Build | Blacksmith |
| 13:35 | Build | Farm |
| 13:36 | Research | Castle Age |
| 13:57 | Create | Scout Cavalry |
| 14:11 | Research | Double-Bit Axe |
| 14:16 | Build | Farm |
| 14:25 | Build | Farm |
| 14:41 | Build | Palisade Wall |
| 14:43 | Create | Villager (Male) |
| 14:59 | Build | Lumber Camp |
| 15:16 | Build | Farm |
| 16:08 | Build | House |
| 16:16 | Age | Castle Age |
| 16:16 | Create | Knight |
| 16:17 | Create | Knight |
| 16:20 | Create | Camel Scout |
| 16:29 | Research | Bow Saw |
| 16:29 | Research | Bow Saw |
| 16:34 | Build | Siege Workshop |
| 16:35 | Create | Villager (Male) |
| 16:35 | Create | Villager (Male) |
| 16:36 | Create | Villager (Male) |
| 16:36 | Create | Villager (Male) |
| 16:53 | Create | Villager (Male) |
| 16:54 | Create | Villager (Male) |
| 16:55 | Create | Camel Scout |
| 16:55 | Create | Camel Scout |
| 17:19 | Create | Villager (Male) |
| 17:19 | Create | Villager (Male) |
| 17:20 | Create | Mangonel |
| 17:22 | Build | Palisade Wall |
| 17:24 | Build | Palisade Wall |
| 17:24 | Build | Palisade Wall |
| 17:34 | Create | Villager (Male) |
| 17:51 | Build | Monastery |
| 17:55 | Create | Camel Scout |
| 17:55 | Create | Camel Scout |
| 17:56 | Create | Camel Scout |
| 18:12 | Create | Villager (Male) |
| 18:13 | Build | Farm |
| 18:18 | Research | Horse Collar |
| 18:19 | Research | Horse Collar |
| 18:19 | Create | Villager (Male) |
| 18:20 | Create | Villager (Male) |
| 18:24 | Build | House |
| 18:28 | Build | House |
| 18:31 | Build | House |
| 18:31 | Build | House |
| 18:35 | Create | Monk |
| 18:35 | Create | Monk |
| 18:36 | Build | House |
| 18:43 | Create | Villager (Male) |
| 18:43 | Create | Villager (Male) |
| 18:48 | Create | Monk |
| 18:50 | Create | Villager (Male) |
| 18:55 | Create | Camel Scout |
| 19:15 | Create | Camel Scout |
| 19:15 | Create | Villager (Male) |
| 19:31 | Create | Villager (Male) |
| 19:43 | Create | Monk |
| 19:45 | Build | Monastery |
| 19:50 | Create | Villager (Male) |
| 19:54 | Research | Gold Mining |
| 19:54 | Research | Gold Mining |
| 19:55 | Build | Farm |
| 20:13 | Create | Villager (Male) |
| 20:19 | Create | Mangonel |
| 20:19 | Create | Mangonel |
| 20:26 | Create | Villager (Male) |
| 20:27 | Create | Villager (Male) |
| 20:30 | Research | Scale Barding Armor |
| 20:30 | Research | Scale Barding Armor |
| 20:40 | Create | Monk |
| 20:43 | Build | House |
| 20:56 | Research | Sanctity |
| 20:56 | Research | Sanctity |
| 21:02 | Create | Villager (Male) |
| 21:02 | Create | Villager (Male) |
| 21:04 | Build | House |
| 21:05 | Build | Farm |
| 21:05 | Build | Farm |
| 21:06 | Build | Farm |
| 21:12 | Research | Husbandry |
Build order — _LY_Yo
First 150 of 399 actions detected
| 0:00 | Create | Villager (Male) |
| 0:01 | Create | Villager (Male) |
| 0:02 | Build | House |
| 0:04 | Build | House |
| 0:08 | Create | Villager (Male) |
| 0:20 | Create | Villager (Male) |
| 0:21 | Create | Villager (Male) |
| 1:23 | Create | Villager (Male) |
| 1:23 | Create | Villager (Male) |
| 1:55 | Create | Villager (Male) |
| 1:59 | Build | Lumber Camp |
| 2:19 | Create | Villager (Male) |
| 2:20 | Create | Villager (Male) |
| 2:38 | Create | Villager (Male) |
| 2:38 | Create | Villager (Male) |
| 3:08 | Create | Villager (Male) |
| 3:08 | Create | Villager (Male) |
| 3:35 | Create | Villager (Male) |
| 3:35 | Create | Villager (Male) |
| 3:51 | Build | House |
| 3:55 | Create | Villager (Male) |
| 3:55 | Create | Villager (Male) |
| 3:56 | Create | Villager (Male) |
| 4:16 | Create | Villager (Male) |
| 4:26 | Build | Mill |
| 4:54 | Create | Villager (Male) |
| 4:55 | Create | Villager (Male) |
| 5:43 | Create | Villager (Male) |
| 5:59 | Research | Loom |
| 6:37 | Research | Feudal Age |
| 7:28 | Build | House |
| 7:32 | Build | Mining Camp |
| 7:54 | Build | Barracks |
| 8:06 | Build | Palisade Wall |
| 8:07 | Build | Palisade Wall |
| 8:08 | Build | Palisade Wall |
| 8:11 | Build | Palisade Wall |
| 8:13 | Build | Palisade Wall |
| 8:17 | Build | Palisade Wall |
| 8:19 | Build | Palisade Wall |
| 8:23 | Build | Palisade Wall |
| 8:28 | Build | Palisade Wall |
| 8:35 | Create | Villager (Male) |
| 8:45 | Build | Palisade Wall |
| 8:51 | Age | Feudal Age |
| 8:55 | Build | Archery Range |
| 8:59 | Create | Villager (Male) |
| 9:13 | Research | Double-Bit Axe |
| 9:13 | Research | Double-Bit Axe |
| 9:19 | Build | House |
| 9:43 | Create | Archer |
| 9:49 | Create | Villager (Male) |
| 10:02 | Build | House |
| 10:04 | Create | Archer |
| 10:06 | Create | Spearman |
| 10:09 | Create | Villager (Male) |
| 10:39 | Create | Archer |
| 10:54 | Create | Villager (Male) |
| 10:54 | Create | Villager (Male) |
| 11:14 | Build | Farm |
| 11:15 | Build | Farm |
| 11:15 | Build | Farm |
| 11:16 | Build | Farm |
| 11:17 | Create | Villager (Male) |
| 11:41 | Create | Archer |
| 11:45 | Create | Villager (Male) |
| 11:52 | Build | House |
| 11:54 | Create | Villager (Male) |
| 12:07 | Create | Villager (Male) |
| 12:13 | Build | Farm |
| 12:15 | Build | Farm |
| 12:39 | Build | Blacksmith |
| 12:57 | Build | House |
| 13:15 | Build | Farm |
| 13:17 | Create | Villager (Male) |
| 13:34 | Research | Fletching |
| 13:34 | Research | Fletching |
| 13:36 | Build | Farm |
| 13:41 | Create | Villager (Male) |
| 13:52 | Build | Farm |
| 14:05 | Build | House |
| 14:06 | Build | House |
| 14:07 | Build | House |
| 14:08 | Create | Villager (Male) |
| 14:30 | Build | Farm |
| 14:37 | Create | Villager (Male) |
| 14:52 | Build | Mining Camp |
| 15:20 | Research | Castle Age |
| 15:20 | Research | Castle Age |
| 15:26 | Build | Stable |
| 15:42 | Build | Palisade Wall |
| 15:46 | Research | Horse Collar |
| 15:46 | Research | Horse Collar |
| 15:57 | Build | Palisade Wall |
| 16:23 | Research | Bloodlines |
| 16:44 | Research | Fletching |
| 16:45 | Research | Fletching |
| 17:07 | Build | House |
| 17:42 | Build | Palisade Wall |
| 17:44 | Build | Palisade Wall |
| 17:59 | Research | Town Watch |
| 18:00 | Age | Castle Age |
| 18:07 | Build | Palisade Wall |
| 18:18 | Create | Villager (Male) |
| 18:26 | Create | Knight |
| 18:31 | Create | Knight |
| 18:48 | Create | Villager (Male) |
| 19:02 | Build | Castle |
| 19:10 | Research | Husbandry |
| 19:10 | Research | Husbandry |
| 19:19 | Build | Lumber Camp |
| 19:21 | Create | Villager (Male) |
| 19:29 | Build | Farm |
| 19:43 | Research | Bodkin Arrow |
| 19:47 | Create | Camel Archer |
| 19:51 | Build | Farm |
| 19:52 | Build | Farm |
| 19:54 | Create | Villager (Male) |
| 20:11 | Create | Camel Archer |
| 20:12 | Create | Villager (Male) |
| 20:19 | Create | Camel Archer |
| 20:22 | Build | House |
| 20:23 | Create | Villager (Male) |
| 20:23 | Create | Villager (Male) |
| 20:36 | Create | Villager (Male) |
| 20:38 | Build | Farm |
| 20:47 | Build | Lumber Camp |
| 20:50 | Create | Camel Archer |
| 20:53 | Build | Farm |
| 21:14 | Create | Villager (Male) |
| 21:15 | Create | Villager (Male) |
| 21:23 | Create | Camel Archer |
| 21:45 | Create | Villager (Male) |
| 21:48 | Create | Villager (Male) |
| 21:59 | Create | Camel Archer |
| 22:01 | Create | Villager (Male) |
| 22:06 | Research | Padded Archer Armor |
| 22:11 | Build | University |
| 22:26 | Create | Camel Archer |
| 22:33 | Create | Villager (Male) |
| 22:42 | Create | Villager (Male) |
| 22:47 | Research | Wheelbarrow |
| 23:06 | Create | Camel Archer |
| 23:17 | Create | Camel Archer |
| 23:22 | Create | Villager (Male) |
| 23:28 | Research | Gold Mining |
| 23:40 | Build | House |
| 23:46 | Create | Camel Archer |
| 23:51 | Research | Thumb Ring |
| 24:05 | Create | Villager (Male) |
Match timeline
| 4:38 | CNZS_Daniel · first_building Barracks |
| 5:13 | CNZS_Daniel · wall_segment Palisade Wall x6 |
| 5:52 | CNZS_Daniel · wall_segment Palisade Wall x1 |
| 6:13 | CNZS_Daniel · wall_segment Palisade Wall x3 |
| 6:21 | CNZS_Daniel · wall_segment Palisade Wall x6 |
| 6:23 | CNZS_Daniel · wall_segment Palisade Wall x5 |
| 6:24 | CNZS_Daniel · wall_segment Palisade Wall x3 |
| 7:54 | _LY_Yo · first_building Barracks |
| 8:00 | CNZS_Daniel · wall_segment Palisade Wall x4 |
| 8:02 | CNZS_Daniel · wall_segment Palisade Wall x8 |
| 8:06 | _LY_Yo · wall_segment Palisade Wall x1 |
| 8:07 | _LY_Yo · wall_segment Palisade Wall x1 |
| 8:08 | _LY_Yo · wall_segment Palisade Wall x1 |
| 8:11 | _LY_Yo · wall_segment Palisade Wall x1 |
| 8:13 | _LY_Yo · wall_segment Palisade Wall x2 |
| 8:17 | _LY_Yo · wall_segment Palisade Wall x1 |
| 8:19 | _LY_Yo · wall_segment Palisade Wall x1 |
| 8:23 | _LY_Yo · wall_segment Palisade Wall x1 |
| 8:28 | _LY_Yo · wall_segment Palisade Wall x1 |
| 8:45 | _LY_Yo · wall_segment Palisade Wall x1 |
| 8:51 | _LY_Yo · age_up feudal |
| 8:55 | _LY_Yo · first_building Archery Range |
| 12:37 | CNZS_Daniel · age_up feudal |
| 12:46 | CNZS_Daniel · first_building Stable |
| 14:41 | CNZS_Daniel · wall_segment Palisade Wall x1 |
| 15:26 | _LY_Yo · first_building Stable |
| 15:42 | _LY_Yo · wall_segment Palisade Wall x1 |
| 15:57 | _LY_Yo · wall_segment Palisade Wall x1 |
| 16:16 | CNZS_Daniel · age_up castle |
| 16:34 | CNZS_Daniel · first_building Siege Workshop |
| 17:22 | CNZS_Daniel · wall_segment Palisade Wall x1 |
| 17:24 | CNZS_Daniel · wall_segment Palisade Wall x1 |
| 17:24 | CNZS_Daniel · wall_segment Palisade Wall x1 |
| 17:42 | _LY_Yo · wall_segment Palisade Wall x5 |
| 17:44 | _LY_Yo · wall_segment Palisade Wall x6 |
| 17:51 | CNZS_Daniel · first_building Monastery |
| 18:00 | _LY_Yo · age_up castle |
| 18:07 | _LY_Yo · wall_segment Palisade Wall x1 |
| 19:02 | _LY_Yo · first_building Castle |
| 24:18 | CNZS_Daniel · first_building Archery Range |
| 25:49 | _LY_Yo · first_building Siege Workshop |
| 26:19 | _LY_Yo · first_building Monastery |
| 29:09 | CNZS_Daniel · first_market_buy 100 food |
| 29:50 | CNZS_Daniel · first_market_sell 100 wood |
| 35:56 | _LY_Yo · first_market_buy 100 food |
| 36:01 | CNZS_Daniel · first_building Castle |
| 41:20 | CNZS_Daniel · age_up imperial |
| 41:21 | CNZS_Daniel · wall_segment Palisade Wall x1 |
| 42:58 | _LY_Yo · resign |
[ AI ANALYSIS · 1 CREDIT ]
What really happened in this match?
Wolo.gg analyzes every decision: build order, eco, micro, common mistakes by bracket. Personalized analysis on WhatsApp or Discord in 30 seconds.
Civ guide
Byzantines
Perfil
Jugador #265517